 Dungeon Crawl Stone Soup version 0.21-a0-273-g0785366 (webtiles) character file.

111 tilp the Firebug (level 4, -2/33 HPs)
             Began as a Hill Orc Fire Elementalist on Sept 16, 2017.
             Killed by nerve-wracking pain
             ... invoked by an orc priest
              (10 damage)
             ... on level 4 of the Dungeon.
             The game lasted 00:13:09 (4920 turns).

tilp the Firebug (Hill Orc Fire Elementalist)       Turns: 4920, Time: 00:13:10

Health: -2/33      AC:  2    Str: 10    XL:     4   Next: 92%
Magic:  1/7        EV: 12    Int: 16    God:
Gold:   165        SH:  0    Dex: 11    Spells: 1/7 levels left

rFire    . . .     SeeInvis .   a - +0 dagger (venom)
rCold    . . .     Gourm    .   (no shield)
rNeg     . . .     Faith    .   e - +0 robe
rPois    .         Spirit   .   (no helmet)
rElec    .         Reflect  .   (no cloak)
rCorr    .         Harm     .   (no gloves)
MR       .....                  (no boots)
Stlth    ++........             (no amulet)
HPRegen  0.11/turn              (no ring)
MPRegen  0.10/turn              (no ring)

@: very slightly contaminated
A: no striking features
a: Convert to Beogh


You were on level 4 of the Dungeon.
You were not hungry.

You visited 1 branch of the dungeon, and saw 4 of its levels.

You collected 165 gold pieces.

Inventory:

Hand Weapons
 a - a +0 dagger of venom (weapon)
 o - a cursed -1 rapier
Missiles
 h - 54 stones (quivered)
 p - 2 tomahawks
Armour
 e - a +0 robe (worn)
Wands
 t - a wand of confusion (22/48)
 v - a wand of confusion (25/48)
Scrolls
 i - 2 scrolls of amnesia
 j - a scroll of magic mapping {unknown}
 k - 3 scrolls of teleportation
 l - a scroll of blinking {unknown}
 m - a scroll of remove curse
 q - a scroll of fog {unknown}
 s - a scroll of fear {unknown}
 u - a scroll of immolation {unknown}
Potions
 g - a potion of curing
 n - a potion of cancellation {unknown}
Books
 b - a book of Flames

   Spells                             Type                      Level
   a - Flame Tongue                   Conjuration/Fire             1
   b - Throw Flame                    Conjuration/Fire             2
   c - Conjure Flame                  Conjuration/Fire             3
   d - Inner Flame                    Hexes/Fire                   3
   e - Sticky Flame                   Conjuration/Fire             4
   f - Fireball                       Conjuration/Fire             5
Comestibles
 c - 3 bread rations
 d - a meat ration
 f - 2 chunks of flesh
 r - 2 fruits


   Skills:
 - Level 1.5 Dodging
 - Level 1.5 Stealth
 + Level 2.3 Spellcasting
 + Level 2.8 Conjurations
 + Level 4.4 Fire Magic


You had one spell level left.
You knew the following spells:

 Your Spells              Type           Power        Failure   Level  Hunger
a - Flame Tongue          Conj/Fire      ##...        4%          1    #......
b - Throw Flame           Conj/Fire      ##....       7%          2    ###....
c - Conjure Flame         Conj/Fire      ##......     14%         3    ###....


Dungeon Overview and Level Annotations

Branches:
Dungeon (4/15)
 Temple: D:4-7

Altars:
Ashenzari
Ru

Annotations:
D:2 Terence
D:3 Sigmund


Message History

The flame tongue misses the orc priest.
The orc shouts!
The adder hisses angrily.
The orc wizard gestures at you while chanting.
The puff of flame hits you!
An orc comes into view.
The orc shouts!
The orc priest mumbles some strange prayers to Beogh against you.
Beogh smites you!
* * * LOW HITPOINT WARNING * * *
Casting: Flame Tongue
Confirm with . or Enter, or press ? or * to list all spells.
Aiming: Flame Tongue
Press: ? - help, Shift-Dir - straight line, f/p - orc priest
Aim: an orc priest, wielding a flail and wearing a leather armour (almost dead)
You miscast Flame Tongue.
You are very lightly contaminated with residual magic.
Nothing appears to happen.
The orc priest mumbles some strange prayers to Beogh against you.
Pain shoots through your body!
You die...

#..# ...
###.....oS..#
......oo.#......
.......#.........
#.##.(..........
##..#............
#..o........>......
##.@.............[..
#..##...............
#..####......###.....
#.?#
###.###..........
...#
##...####.........
####
#.....###...##[>..
###.##.#.....#..##
#......##......#.
#...#.####....#..


You could see an orc priest.

Vanquished Creatures
  3 worms (D:2)
  A dart slug (D:2)
  9 orcs
  7 bats
  5 giant cockroaches
  13 goblins
  6 hobgoblins
  10 jackals
  11 kobolds
  2 quokkas
  3 frilled lizards
  13 rats
83 creatures vanquished.

Notes
Turn   | Place    | Note
-------+----------+-------------------------------------------
     0 | D:1      | tilp the Hill Orc Fire Elementalist began the quest for the Orb.
     0 | D:1      | Reached XP level 1. HP: 14/14 MP: 3/3
   227 | D:1      | Reached XP level 2. HP: 18/20 MP: 1/4
   374 | D:1      | Learned a level 2 spell: Throw Flame
  1260 | D:2      | Reached XP level 3. HP: 26/26 MP: 1/6
  1264 | D:2      | Reached skill level 4 in Fire Magic
  1681 | D:2      | Learned a level 3 spell: Conjure Flame
  1847 | D:2      | Noticed Terence
  2816 | D:2      | Reached XP level 4. HP: 24/33 MP: 3/7
  3383 | D:2      | Found a sacrificial altar of Ru.
  4445 | D:3      | Noticed Sigmund
  4483 | D:3      | Found a shattered altar of Ashenzari.
  4920 | D:4      | Killed from afar by an orc priest

Vault maps used:
D:1:      matt_arrival_los_fun
D:2:      first_bread, minmay_misc_feat_diagonals, nicolae_ru_path_of_blood,
          uniq_terence
D:3:      lemuel_coloured_pillars_altar, hex_medium, uniq_sigmund
D:4:      chequers_temple_overflow_statue_of_worship,
          minmay_temple_entry_enclosed_plants, serial_shops,
          nicolae_shop_behind_doors, uniq_menkaure

Skill      XL: |  1  2  3 |
---------------+----------+-----
Spellcasting   | 2 |  2.3
Fire Magic     | 4 |  4.4
Conjurations   | 2 |  2.8
Dodging        | |  1.5
Stealth        | |  1.5

Action                   |  1- 3 |  4- 6 || total
-------------------------+-------+-------++-------
Melee: Dagger            |   136 |    93 ||   229
 Cast: Flame Tongue      |    64 |    46 ||   110
       Throw Flame       |     1 |     2 ||     3
       Conjure Flame     |       |     3 ||     3
Evoke: Wand              |       |     1 ||     1
  Use: Potion            |     1 |       ||     1
       Scroll            |       |     4 ||     4
 Stab: Sleeping          |     1 |     1 ||     2
       Distracted        |       |     2 ||     2
       Confused          |       |     2 ||     2
  Eat: Chunk             |     7 |     3 ||    10
       Meat ration       |       |     1 ||     1
Armor: Robe              |    21 |    22 ||    43
Dodge: Dodged            |    96 |    94 ||   190

Table legend:
 A = Spawn XP
 B = Non-spawn XP
 C = Spawn XP percentage of total XP
 D = Spawn monster count
 E = Non-spawn monster count
 F = Spawn count percentage of total count
 G = Total turns spent on level
                    A         B        C        D         E        F      G
               +---------+---------+-------+---------+---------+-------+---------
         Total |       0 |     159 |   0.0 |       0 |      83 |   0.0 |  4920
               +---------+---------+-------+---------+---------+-------+---------
           D:1 |       0 |      36 |   0.0 |       0 |      24 |   0.0 |  1563
           D:2 |       0 |      62 |   0.0 |       0 |      30 |   0.0 |  1888
           D:3 |       0 |      52 |   0.0 |       0 |      25 |   0.0 |  1157
           D:4 |       0 |       9 |   0.0 |       0 |       4 |   0.0 |   312
               +---------+---------+-------+---------+---------+-------+---------
